AoeStats
← Lemi

Arena

505929261Analyzed
4v4 RM · 21d ago on Sep 11, 2026· 52m 14s· 8 players
Game mode
Random Map
Map size
Large (8 player)
Population
200
Speed
Normal
Resources
Standard
Victory
Conquest
Starting age
Dark Age
Ending age
Imperial Age
RankedLock teamsTeams togetherTeam positionsShared explorationLock speedFull tech treeHidden civsTurbo modeCheats
Victory
Defeat
🇨🇱 Burgundians · Chile
1249
+12
🇧🇷 Burmese · Brazil
1220
+13
🇨🇳 Saracens · China
1206
+14
🇺🇸 Bohemians · United States
1195
+14
🇹🇷 Franks · Türkiye
1220
-15
1193
-15
🇹🇷 Bengalis · Türkiye
1133
-12
🇹🇷 Cumans · Türkiye
1107
-11
michaelarendash
10:26 Feudal Age
11:15 Double-Bit Axe
15:37 Castle Age
17:41 Bow Saw
29:29 Imperial Age
29:25 Chemistry
35:13 Scale Mail Armor
37:00 Forging
36:18 Pikeman
41:55 Wagenburg Tactics
42:54 Loom
43:48 Wheelbarrow
44:35 Conscription
46:24 Squires
49:24 Arson
50:26 Iron Casting
50:07 Chain Mail Armor
49:20 Halberdier
Gabo_Reyes
4:37 Loom
7:45 Double-Bit Axe
11:00 Feudal Age
9:17 Horse Collar
16:29 Castle Age
15:25 Loom
17:35 Gold Mining
21:14 Gold Shaft Mining
25:12 Bow Saw
29:48 Imperial Age
27:47 Heavy Plow
27:54 Town Watch
29:23 Fletching
29:43 Squires
29:29 Arson
29:57 Forging
30:29 Masonry
31:39 Conscription
32:21 Scale Mail Armor
33:26 Stone Mining
34:19 Chain Mail Armor
34:48 Scale Barding Armor
36:10 Iron Casting
38:49 Plate Mail Armor
39:14 Stone Shaft Mining
38:57 Pikeman
39:27 Halberdier
40:40 Burgundian Vineyards
40:13 Capped Ram
42:43 Husbandry
42:03 Cavalier
43:09 Chain Barding Armor
44:18 Two-Man Saw
45:13 Crop Rotation
44:54 Paladin
46:47 Light Cavalry
48:48 Hussar
wuyu
11:15 Feudal Age
16:08 Castle Age
14:18 Double-Bit Axe
17:33 Bow Saw
17:05 Horse Collar
25:40 Wheelbarrow
29:18 Imperial Age
27:43 Gold Mining
27:44 Stone Mining
28:33 Hand Cart
28:39 Scale Barding Armor
28:46 Forging
29:03 Heavy Plow
29:27 Bimaristan
30:10 Bloodlines
30:01 Husbandry
30:31 Conscription
29:59 Town Watch
31:41 Town Patrol
32:53 Light Cavalry
35:37 Two-Man Saw
34:18 Elite Mameluke
36:13 Gold Shaft Mining
37:14 Chain Barding Armor
37:30 Iron Casting
37:12 Hussar
39:43 Plate Barding Armor
41:32 Blast Furnace
41:50 Fletching
44:48 Hoardings
44:32 Bodkin Arrow
51:23 Chemistry
50:05 Treadmill Crane
50:47 Ballistics
50:23 Murder Holes
BaianinhoDeMaua
8:41 Loom
10:40 Feudal Age
15:21 Castle Age
18:55 Gold Mining
19:16 Padded Archer Armor
24:36 Manipur Cavalry
30:23 Bloodlines
31:18 Wheelbarrow
31:06 Husbandry
37:37 Imperial Age
37:15 Gold Shaft Mining
37:41 Hand Cart
38:14 Elite Arambai
40:01 Light Cavalry
41:01 Scale Barding Armor
41:07 Forging
42:12 Hussar
43:36 Iron Casting
43:40 Chain Barding Armor
44:52 Conscription
45:57 Blast Furnace
46:48 Plate Barding Armor
Torontist | The Hood
10:49 Feudal Age
11:21 Double-Bit Axe
23:07 Castle Age
21:53 Loom
34:35 Imperial Age
37:24 Bow Saw
36:57 Horse Collar
45:23 Wheelbarrow
45:49 Two-Man Saw
46:40 Heavy Plow
47:56 Hand Cart
49:23 Bloodlines
48:33 Light Cavalry
Lemi
0:26 Loom
10:57 Feudal Age
12:22 Double-Bit Axe
17:24 Castle Age
32:26 Imperial Age
31:02 Gold Mining
32:36 Fletching
32:46 Padded Archer Armor
33:04 Scale Barding Armor
32:43 Elite Elephant Archer
34:19 Bodkin Arrow
34:39 Leather Archer Armor
35:30 Chemistry
34:51 Ballistics
34:44 Siege Engineers
35:53 Horse Collar
36:27 Bow Saw
36:38 Heavy Plow
37:17 Wheelbarrow
36:47 Husbandry
36:58 Bloodlines
38:07 Crop Rotation
38:40 Two-Man Saw
38:54 Gold Shaft Mining
38:13 Stone Mining
40:11 Ring Archer Armor
42:17 Conscription
43:17 Elite Battle Elephant
46:10 Hand Cart
InterfectoremTR | The Hood
11:03 Feudal Age
16:33 Castle Age
15:55 Double-Bit Axe
17:56 Bow Saw
17:27 Horse Collar
18:21 Heavy Plow
20:27 Fletching
27:57 Bloodlines
31:25 Gold Mining
36:53 Imperial Age
35:07 Forging
35:50 Bodkin Arrow
35:55 Padded Archer Armor
35:51 Crossbowman
37:26 Leather Archer Armor
37:25 Arbalester
38:10 Thumb Ring
38:56 Ring Archer Armor
39:37 Ballistics
40:18 Chemistry
39:20 Bracer
BraveTR - The Hood
0:27 Loom
12:23 Feudal Age
16:16 Castle Age
16:21 Double-Bit Axe
16:28 Gold Mining
30:47 Wheelbarrow
35:05 Imperial Age
33:10 Husbandry
33:22 Forging
34:26 Pikeman
35:07 Squires
35:14 Cavalier
37:50 Paladin
45:27 Fletching
45:37 Padded Archer Armor
46:13 Iron Casting
45:43 Scale Barding Armor
47:06 Elite Skirmisher
49:15 Blast Furnace
48:11 Bodkin Arrow
48:31 Leather Archer Armor
51:19 Leather Archer Armor
Connection lost

Rejoining the realm…

Still unreachable

The connection could not be restored.

Session expired

The server has moved on; the page needs a fresh start.